 Dungeon Crawl Stone Soup version 0.30-a0-165-g1891117ce2 (webtiles) character file.

Game seed: 5530629120686031501

14 LnG the Caller (level 2, -1/15 HPs)
             Began as a Kobold Summoner on Sept 28, 2022.
             Slain by a quokka (4 damage)
             ... on level 1 of the Dungeon.
             The game lasted 00:01:12 (361 turns).

LnG the Caller (Kobold Summoner)                     Turns: 361, Time: 00:01:13

Health: -1/15      AC:  2    Str:  5    XL:     2   Next: 55%
Magic:  1/5        EV: 15    Int: 16    God:
Gold:   29         SH:  0    Dex: 15    Spells: 2/5 levels left

rFire   . . .      SeeInvis .    d - +2 dagger (venom)
rCold   . . .      Faith    .    (no shield)
rNeg    . . .      Spirit   .    a - +0 robe
rPois   .          Reflect  .    (no helmet)
rElec   .          Harm     .    (no cloak)
rCorr   .          Rampage  .    (no gloves)
Will    .....                    (no boots)
Stlth   +++.......               (no amulet)
HPRegen 0.05/turn                (no ring)
MPRegen 0.09/turn                (no ring)

@: no status effects
A: small, no large weapons, nightstalker 3
a: no special abilities


You were on level 1 of the Dungeon.
You visited 1 branch of the dungeon, and saw 1 of its levels.

You collected 29 gold pieces.

Inventory:

Hand Weapons
 d - a +2 dagger of venom (weapon)
Armour
 a - a +0 robe (worn)
Scrolls
 c - a scroll of blinking {unknown}
Potions
 b - a potion of magic


   Skills:
 + Level 0.3 Short Blades
 + Level 2.6 Dodging
 + Level 2.6 Stealth
 + Level 2.2 Spellcasting
 + Level 4.4 Summonings


You had 2 spell levels left.
You knew the following spells:

 Your Spells              Type           Power      Damage    Failure   Level
a - Summon Small Mammal   Summ           64%        N/A       3%          1
b - Call Imp              Summ           16%        N/A       4%          2

Your spell library contained the following spells:

 Spells                   Type           Power      Damage    Failure   Level
 Call Canine Familiar     Summ           16%        N/A       10%         3
 Summon Guardian Golem    Hex/Summ       8%         N/A       24%         3
 Summon Lightning Spire   Summ/Air       8%         N/A       63%         4


Dungeon Overview and Level Annotations

Branches:
Dungeon (1/15)

Altars:


Innate Abilities, Weirdness & Mutations

You are small and have problems with some larger weapons.
You are completely attuned to the shadows.


Message History

a hobgoblin corpse; a dart slug corpse
Found 9 gold pieces.
The bat barely misses you. The kobold barely misses you.
You hit the kobold but do no damage. The bat barely misses you.
The kobold closely misses you.
Your crimson imp blinks!
You closely miss the bat. The bat barely misses you.
The bat hits you but does no damage. The kobold hits you with a +0 whip.
You barely miss the bat. The bat misses you. The kobold closely misses you.
Your crimson imp hits the kobold.
You closely miss the kobold.
The kobold is moderately wounded.
The bat hits you. The kobold hits you but does no damage.
A quokka comes into view.
Your crimson imp barely misses the kobold.
You hit the kobold.
The kobold is poisoned.
The kobold is heavily wounded.
The bat closely misses you. The kobold hits you with a +0 whip.
* * * LOW HITPOINT WARNING * * *
Your crimson imp blinks!
Your magical contamination has completely faded away.
The bat hits your crimson imp but does no damage.
The kobold closely misses you.
Your crimson imp barely misses the bat.
Found 15 gold pieces.
You kill the kobold!
The bat barely misses you.
Casting: Call Imp (safe; 4% risk of failure)
Confirm with . or Enter, or press ? or * to list all spells.
The bat hits you.
* * * LOW HITPOINT WARNING * * *
Your crimson imp hits the bat.
The bat dies!
The quokka closely misses you.
Your rat misses the quokka.
Your crimson imp blinks!
Your rat bites the quokka.
Your crimson imp blinks!
Casting: Summon Small Mammal (safe; 3% risk of failure)
Confirm with . or Enter, or press ? or * to list all spells.
You don't know that spell.
The quokka bites you.
You die...

#.......#..#####.##
#...†####..###.....
#......>....##.....
#....####.........)
#########.....##.....
........#.##...#>....
........#.###..#.....
...$.r..#.###........
....@r).†.....
..$.......####
........§##
......[..# ...####..#


You could see a quokka (ally target) and a friendly rat (summoned).

Vanquished Creatures
  A dart slug (D:1)
  A bat (D:1)
  A giant cockroach (D:1)
  A hobgoblin (D:1)
  A kobold (D:1)
  A ball python (D:1)
  A rat (D:1)
7 creatures vanquished.

Vanquished Creatures (collateral kills)
  2 goblins (D:1)
  A bat (D:1)
  A frilled lizard (D:1)
4 creatures vanquished.

Grand Total: 11 creatures vanquished

Notes
Turn   | Place    | Note
-------+----------+-------------------------------------------
     0 | D:1      | LnG the Kobold Summoner began the quest for the Orb.
     0 | D:1      | Reached XP level 1. HP: 10/10 MP: 3/3
   316 | D:1      | Reached XP level 2. HP: 15/15 MP: 5/5
   319 | D:1      | Learned a level 2 spell: Call Imp
   361 | D:1      | Slain by a quokka

Illustrated notes

Levels and vault maps discovered:
D:1:      dpeg_arrival_long_road, layout_rooms, chequers_ecumenical_altar_simple

Action                   || total
-------------------------++-------
Melee: Unarmed           ||     9
       Dagger            ||    14
 Cast: Summon Small Mamm ||     8
       Call Imp          ||     1
 Stab: Sleeping          ||     1
Armor: Robe              ||     7
Dodge: Dodged            ||    25

Table legend: (Time is in decaauts)
 A = Elapsed time spent in this place.
 B = Non-inter-level travel time spent in this place.
 C = Inter-level travel time spent in this place.
 D = Time resting spent in this place.
 E = Time spent auto-exploring this place.
 F = Levels seen in this place.
 G = Mean time per level.
                   A        B        C        D        E       F      G
               +--------+--------+--------+--------+--------+-----+--------+
         Total |    360 |    360 |      0 |    188 |     94 |   1 |  360.0 |
       Dungeon |    360 |    360 |      0 |    188 |     94 |   1 |  360.0 |
               +--------+--------+--------+--------+--------+-----+--------+

Top non-repeatable levels by time:
     D:1: 360 daAuts
